 Dungeon Crawl Stone Soup version 0.17.1-3-g152610e (webtiles) character file.

106 KarvaRausku the Conjurer (level 4, -6/29 HPs)
             Began as a High Elf Conjurer on Mar 5, 2016.
             Mangled by a centaur skeleton (8 damage)
             ... on level 4 of the Dungeon.
             The game lasted 00:05:16 (1157 turns).

KarvaRausku the Conjurer (High Elf Conjurer)        Turns: 1157, Time: 00:05:16

Health: -6/29      AC:  2    Str:  8    XL:     4   Next: 55%
Magic:  1/10       EV: 13    Int: 18    God:
Gold:   127        SH:  0    Dex: 16    Spells: 2 memorised, 7 levels left

rFire  . . .     SeeInvis .     n - +0 short sword
rCold  . . .     Clarity  .     a - +0 robe
rNeg   . . .     SustAt   .     (no shield)
rPois  .         Gourm    .     (no helmet)
rElec  .         Spirit   .     (no cloak)
rCorr  .         Warding  .     (no gloves)
rMut   .         Stasis   .     (no boots)
MR     .....                    j - amulet of rage
Stlth  ++........               (no ring)
                                (no ring)

@: not resistant to hostile enchantments, unstealthy
A: no striking features
a: Evoke Berserk Rage


You were on level 4 of the Dungeon.
You were not hungry.

You visited 1 branch of the dungeon, and saw 4 of its levels.

You collected 127 gold pieces.

Inventory:

Hand Weapons
 n - a +0 short sword (weapon)
Armour
 a - a +0 robe (worn)
Jewellery
 j - an amulet of rage (around neck)
Wands
 q - a wand of random effects (42)
Scrolls
 i - 2 scrolls of identify {unknown}
 k - a scroll of remove curse {unknown}
 l - a scroll of enchant armour {unknown}
 m - a scroll of noise {unknown}
 o - a scroll of fear {unknown}
Potions
 d - 2 potions of might
 e - a potion of agility {unknown}
 p - a potion of magic {unknown}
 r - a potion of curing {unknown}
Books
 b - a book of Conjurations

   Spells                             Type                      Level
   a - Magic Dart                     Conjuration                  1
   b - Searing Ray                    Conjuration                  2
   c - Dazzling Spray                 Conjuration/Hexes            3
   d - Fulminant Prism                Conjuration/Hexes            4
   e - Iskenderun's Mystic Blast      Conjuration                  4
   f - Iskenderun's Battlesphere      Conjuration/Charms           5
Comestibles
 c - 5 bread rations
 f - a meat ration
 g - a chunk of flesh
 h - a slice of pizza


   Skills:
 - Level 2.0 Fighting
 + Level 2.2 Dodging
 - Level 2.1 Stealth
 + Level 3.5 Spellcasting
 + Level 5.4 Conjurations


You had 7 spell levels left.
You knew the following spells:

 Your Spells              Type           Power        Failure   Level  Hunger
a - Magic Dart            Conj           ###.         1%          1    None
b - Searing Ray           Conj           ###...       2%          2    ##.....


Dungeon Overview and Level Annotations

Branches:
Dungeon (4/15)
 Temple: D:4-7

Altars:


Message History

Press: ? - help, Shift-Dir - straight line, f - jackal
Aim: a jackal (severely wounded)
The magic dart hits the jackal.
You kill the jackal!
Some of the chunks of flesh in your inventory have rotted away.
You hit the centaur skeleton. The centaur skeleton hits you!
The centaur skeleton hits you.
You hit the centaur skeleton but do no damage.
The centaur skeleton hits you!
* * * LOW HITPOINT WARNING * * *
You are too injured to fight recklessly!
You are too injured to fight recklessly!
The centaur skeleton barely misses you.
You see here 8 gold pieces.
The centaur skeleton hits you.
* * * LOW HITPOINT WARNING * * *
The centaur skeleton hits you.
* * * LOW HITPOINT WARNING * * *
The centaur skeleton hits you!
You die...

.. ..# )# #. #.#
#.# # .## #.#
##.###.# ..# #.#
#..... #.# #.#
#..†. #.# #.# #..#
#.###.#####.###†.#
#....Z..$.......#
#.###@##########.#
#.# #.#
#.##########.#
#.##.........#
#......#######
####...# #####


You could see a centaur skeleton.

Vanquished Creatures
  7 adders
  A worm (D:2)
  A giant gecko (D:2)
  A ball python (D:2)
  4 bats
  2 giant cockroaches
  3 goblins
  2 hobgoblins (D:2)
  4 jackals (D:4)
  7 kobolds
  A quokka (D:2)
  A giant newt (D:1)
  10 rats
44 creatures vanquished.

Notes
Turn   | Place    | Note
--------------------------------------------------------------
     0 | D:1      | KarvaRausku the High Elf Conjurer began the quest for the Orb.
     0 | D:1      | Reached XP level 1. HP: 11/11 MP: 4/4
   161 | D:1      | Reached XP level 2. HP: 16/18 MP: 2/6
   474 | D:2      | Learned a level 2 spell: Searing Ray
   476 | D:2      | Reached skill level 1 in Fighting
   579 | D:2      | Reached XP level 3. HP: 16/23 MP: 4/8
   591 | D:2      | Reached skill level 5 in Conjurations
   729 | D:2      | Reached XP level 4. HP: 28/28 MP: 2/10
  1118 | D:3      | You fall through a shaft!
  1157 | D:4      | Mangled by a centaur skeleton

Action                   |  1- 3 |  4- 6 || total
-------------------------+-------+-------++-------
Melee: Unarmed           |     1 |       ||     1
       Short sword       |    23 |     7 ||    30
 Cast: Magic Dart        |    45 |    16 ||    61
       Searing Ray       |     4 |     5 ||     9
  Use: Potion            |     4 |       ||     4
  Eat: Chunk             |       |     1 ||     1
